 Seeded DCSS version 0.29-a0-23-ga79f92ac9c (webtiles) character file.

Game seed: 10000000000011 (custom seed)

21259 knot the Cleaver (level 12, -2/121 HPs)
             Began as a Demonspawn Berserker on Jan 31, 2022.
             Was a Believer of Trog.
             Slain by an elephant (5 damage)
             ... on level 2 of the Lair of Beasts.
             The game lasted 00:28:40 (19714 turns).

knot the Cleaver (Demonspawn Berserker)            Turns: 19714, Time: 00:28:40

Health: -2/121     AC: 11    Str: 17    XL:     12   Next: 52%
Magic:  0/12       EV:  8    Int: 13    God:    Trog [**....]
Gold:   381        SH:  5    Dex: 14    Spells: 11/11 levels left

rFire   + . .      SeeInvis .   A - +0 battleaxe (venom)
rCold   + + .      Faith    .   (shield currently unavailable)
rNeg    . . .      Spirit   +   u - +1 chain mail of Urghimes {Fly rPois rC+ Slay-2 Stlth+}
rPois   +          Reflect  +   (no helmet)
rElec   +          Harm     .   t - +1 cloak {Stlth+}
rCorr   +          Rampage  .   (gloves unavailable)
Will    .....                   (no boots)
Stlth   ..........              d - amulet of reflection
HPRegen 0.30/turn               (no ring)
MPRegen 0.26/turn               (no ring)

@: berserking, resistant, flying, very quick
A: powered by death 1, magic shield, magic regeneration, magic link, sturdy
frame 1, demonic touch 3
a: Renounce Religion, Berserk, Trog's Hand


You were on level 2 of the Lair of Beasts.
You worshipped Trog.
Trog was pleased with you.
You visited 2 branches of the dungeon, and saw 13 of its levels.

You collected 721 gold pieces.
You spent 340 gold pieces at shops.

Inventory:

Hand Weapons
 a - a +3 scimitar of flaming
 h - a +0 war axe
 A - a +0 battleaxe of venom (weapon)
 H - a +0 battleaxe
Missiles
 f - 300 stones (quivered)
 l - 3 poisoned darts
 p - 5 boomerangs
 q - 36 sling bullets
Armour
 r - a +2 robe of cold resistance
 t - a +1 cloak of stealth (worn)
 u - the +1 chain mail of Urghimes (worn) {Fly rPois rC+ Slay-2 Stlth+}
   (You bought it in a shop on level 3 of the Dungeon)

   Slay:      It affects your accuracy & damage with ranged weapons and melee
   (-2).
   rC:        It protects you from cold.
   rPois:     It protects you from poison.
   Fly:       It grants you flight.
   Stlth:     It makes you more stealthy.
 x - the +3 hat of Pondering {ponderous, Will+ MP+10 Int+5}
   (You found it on level 8 of the Dungeon)

   Int:       It affects your intelligence (+5).
   MP:        It affects your magic capacity (+10).
   Will:      It increases your willpower.
 J - a +0 troll leather armour
Jewellery
 d - an amulet of reflection (around neck)
 k - a ring of resist corrosion
 y - a ring of willpower
Wands
 j - a wand of iceblast (10)
 o - a wand of polymorph (11)
Scrolls
 b - 2 scrolls of holy word
 c - a scroll of amnesia
 g - 3 scrolls of teleportation
 m - a scroll of blinking
 n - 2 scrolls of fog
 v - a scroll of magic mapping {unknown}
 D - a scroll of summoning
 E - a scroll of torment
 F - a scroll of immolation {unknown}
 G - a scroll of acquirement {unknown}
 I - a scroll of vulnerability
Potions
 e - a potion of brilliance {unknown}
 i - 2 potions of curing
 s - a potion of resistance
 z - 2 potions of attraction
 L - a potion of invisibility {unknown}


   Skills:
 - Level 3.0 Fighting
 * Level 14.1 Axes
 * Level 13.4 Throwing
 - Level 1.7 Armour
 - Level 1.7 Dodging


You had 11 spell levels left.
You didn't know any spells.
Your spell library contained the following spells:

 Spells                   Type           Power      Damage    Failure   Level
 Pain                     Necr           0%         1d4       94%         1
 Sandblast                Erth           0%         2d4       94%         1
 Corpse Rot               Necr/Air       0%         N/A       98%         2
 Ensorcelled Hibernation  Hex/Ice        0%         N/A       98%         2
 Passwall                 Tmut/Erth      0%         N/A       98%         2
 Poisonous Vapours        Pois/Air       0%         N/A       98%         2
 Ozocubu's Armour         Ice            0%         N/A       100%        3
 Stone Arrow              Conj/Erth      0%         3d7       100%        3
 Summon Guardian Golem    Hex/Summ       0%         N/A       100%        3
 Swiftness                Air            0%         N/A       100%        3
 Tukima's Dance           Hex            0%         N/A       100%        3
 Anguish                  Hex/Necr       0%         N/A       100%        4
 Agony                    Necr           0%         N/A       100%        5
 Excruciating Wounds      Necr           0%         N/A       100%        5
 Metabolic Englaciation   Hex/Ice        0%         N/A       100%        5
 Simulacrum               Ice/Necr       0%         N/A       100%        6
 Enfeeble                 Hex            0%         N/A       100%        7
 Orb of Destruction       Conj           0%         9d5       100%        7
 Spellforged Servitor     Conj/Summ      0%         N/A       100%        7


Dungeon Overview and Level Annotations

Branches:
Dungeon (10/15)            Temple (0/1) D:4            Lair (3/6) D:9
  Swamp (0/4) Lair:2
  Snake: Lair:2-4    Spider: Lair:2-4       Orc: D:9-12

Altars:
Okawaru
Ru
Uskayaw

Shops:
D:3 [   D:8 :

Annotations:
D:4 Dowan
Lair:3 3 runed translucent doors, Lupesig's ghost, journeyman MiFi; Ruicvywi's ghost, journeyman OgTm


Innate Abilities, Weirdness & Mutations

You regenerate a little health from kills.
When hurt, damage is shared between your health and your magic reserves.
You regenerate magic rapidly.
When low on magic, you restore magic in place of health.
Your movements are slightly less encumbered by armour. (ER -2)
Your touch may irresistibly damage your foes and sap their willpower.


Message History

You slash the elephant!
The elephant is lightly wounded.
The elephant tramples you!
* * * LOW HITPOINT WARNING * * *
You hold your ground!
The elephant trunk-slaps you but does no damage.
You hit the elephant.
The elephant is poisoned.
The elephant is lightly wounded.
You hit the elephant but do no damage.
The elephant looks as sick as possible!
The elephant is moderately wounded.
The elephant tramples you.
* * * LOW HITPOINT WARNING * * *
You hold your ground!
The elephant barely misses you.
You slash the elephant!
The elephant looks as sick as possible!
The elephant is heavily wounded.
The elephant tramples you.
You hold your ground!
The elephant closely misses you.
You barely miss the elephant.
The elephant is heavily wounded.
You hit the elephant.
The elephant looks as sick as possible!
The elephant is heavily wounded.
The elephant tramples you but does no damage.
The elephant trunk-slaps you.
* * * LOW HITPOINT WARNING * * *
You slash the elephant!
The elephant looks as sick as possible!
The elephant is severely wounded.
The elephant tramples you!
* * * LOW HITPOINT WARNING * * *
You hold your ground!
The elephant barely misses you.
You slash the elephant!
The elephant is almost dead.
You hit the elephant.
The elephant looks as sick as possible!
The elephant is almost dead.
The elephant tramples you!
* * * LOW HITPOINT WARNING * * *
You hold your ground!
The elephant barely misses you.
You hit the elephant.
The elephant looks as sick as possible!
The elephant is almost dead.
The elephant tramples you!
You die...

###....P## ##...###
##..#.## #######
#....# ####### ###
#...## #P ###.##
##.### ## ###....###
#..# # #........#
##.P# ### #
##.....P####..##
##.###
#.P....#.#Y..#
#....##
####.......@.#
##.....##
######..###
#........ #....##
##........ ###...##
#..>...... ##.#.#
#P........ #.###
##......... ##.##
#.#........
#.P######.......
#####.....##.#......


You could see an elephant (extremely poisoned).

Vanquished Creatures
  Snorg (Lair:3)
  The ghost of axecop the Covert, a journeyman NaWn of Vehumet (D:8)
  3 hydras
  Harold (D:8)
  Erica (D:8)
  A two-headed ogre (D:8)
  3 elephants (Lair:3)
  2 black mambas
  Joseph (D:7)
  7 cane toads
  A komodo dragon (Lair:1)
  A kobold demonologist (D:5)
  A troll (D:10)
  Prince Ribbit (D:8)
  9 blink frogs
  4 dream sheep (Lair:1)
  A wraith (D:10)
  17 yaks
  2 basilisks
  A swamp worm (D:10)
  An acid dragon (D:9)
  6 water moccasins
  3 orc warriors
  A black bear (D:5)
  A necrophage (D:6)
  A boggart (D:5)
  An ice beast (D:7)
  4 ogres
  A centaur (D:8)
  21 wolves
  A phantom (D:6)
  A kobold brigand (D:7)
  6 scorpions
  2 wyvern zombies (D:7)
  7 bullfrogs
  A wyvern skeleton (D:7)
  8 killer bees
  9 wights
  3 howler monkeys (D:9)
  3 centaur zombies
  3 orc priests
  3 hounds
  2 jellies
  2 bullfrog skeletons
  3 centaur skeletons
  Ijyb (D:4)
  4 orc wizards
  A scorpion zombie (D:5)
  7 adders
  A shadow imp (D:7)
  A white imp (D:5)
  A worm (Lair:1)
  20 orcs
  6 endoplasms
  2 giant cockroaches
  5 goblins
  5 hobgoblins
  14 jackals
  A quokka (D:4)
  4 ball pythons
  7 bats
  5 frilled lizards
  7 kobolds
  5 rats
250 creatures vanquished.

Vanquished Creatures (others)
  24 fungi
  11 plants
  2 withered plants (Lair:3)
37 creatures vanquished.

Grand Total: 287 creatures vanquished

Notes
Turn   | Place    | Note
-------+----------+-------------------------------------------
     0 | D:1      | knot the Demonspawn Berserker began the quest for the Orb.
     0 | D:1      | Reached XP level 1. HP: 18/18 MP: 1/1
   107 | D:1      | Reached skill level 3 in Axes
   207 | D:1      | Gained mutation: You regenerate magic rapidly. [demonic
                  | ancestry]
   207 | D:1      | Reached XP level 2. HP: 24/24 MP: 2/2
   940 | D:2      | Gained mutation: Your touch may inflict minor irresistible
                  | damage on your foes. [demonic ancestry]
   940 | D:2      | Reached XP level 3. HP: 27/29 MP: 3/3
  1141 | D:2      | Reached ** piety under Trog
  1158 | D:2      | Reached skill level 4 in Axes
  1812 | D:2      | Reached XP level 4. HP: 34/35 MP: 4/4
  2087 | D:3      | Noticed an ogre
  2094 | D:3      | Killed an ogre
  2095 | D:3      | Reached skill level 5 in Axes
  2095 | D:3      | Reached skill level 1 in Throwing
  2095 | D:3      | Reached XP level 5. HP: 41/41 MP: 5/5
  2570 | D:3      | Found Daocsar's Antique Armour Emporium.
  3204 | D:4      | Noticed Duvessa
  3247 | D:4      | Noticed Duvessa
  3247 | D:4      | Duvessa changed into Duvessa the wolf
  3260 | D:4      | Killed Duvessa the wolf
  3261 | D:4      | Gained mutation: Your touch may inflict irresistible damage
                  | on your foes. [demonic ancestry]
  3261 | D:4      | Reached XP level 6. HP: 31/47 MP: 6/6
  3270 | D:4      | Noticed Ijyb
  3580 | D:4      | Killed Ijyb
  4027 | D:4      | Found a staircase to the Ecumenical Temple.
  4090 | D:4      | Noticed Dowan
  4403 | D:5      | Entered Level 5 of the Dungeon
  4412 | D:5      | Noticed a kobold demonologist
  4415 | D:5      | Noticed a ynoxinul
  4418 | D:5      | Noticed a soul eater
  4426 | D:5      | Killed a kobold demonologist
  4427 | D:5      | Reached skill level 6 in Axes
  4427 | D:5      | Gained mutation: When hurt, damage is shared between your
                  | health and your magic reserves. [demonic ancestry]
  4427 | D:5      | Reached XP level 7. HP: 39/52 MP: 7/7
  4843 | D:5      | Reached skill level 7 in Axes
  4992 | D:5      | Reached skill level 5 in Throwing
  5017 | D:5      | Gained mutation: You regenerate a little health from kills.
                  | [demonic ancestry]
  5017 | D:5      | Reached XP level 8. HP: 58/58 MP: 5/8
  5511 | D:5      | Found a hide-covered altar of Uskayaw.
  5855 | D:6      | Reached *** piety under Trog
  5856 | D:6      | Reached skill level 8 in Axes
  6521 | D:6      | Found an iron altar of Okawaru.
  7003 | D:7      | Found a sacrificial altar of Ru.
  7068 | D:7      | Gained mutation: Your touch may irresistibly damage your
                  | foes and sap their willpower. [demonic ancestry]
  7068 | D:7      | Reached XP level 9. HP: 61/61 MP: 7/9
  7187 | D:7      | Noticed Joseph
  7201 | D:7      | Killed Joseph
  7202 | D:7      | Reached skill level 9 in Axes
  8035 | D:3      | Bought a runed cloak for 150 gold pieces
  8035 | D:3      | Bought an ichor-stained chain mail for 190 gold pieces
  8035 | D:3      | Identified the +1 chain mail of Urghimes {Fly rPois rC+
                  | Slay-2 Stlth+} (You bought it in a shop on level 3 of the
                  | Dungeon)
  8493 | D:8      | Noticed Erica
  8505 | D:8      | Killed Erica
  8622 | D:8      | Found a large runed translucent door.
  8622 | D:8      | Found a large runed translucent door.
  8630 | D:8      | Noticed axecop's ghost (journeyman NaWn)
  8715 | D:8      | Found the +3 hat of Pondering {ponderous, Will+ MP+10
                  | Int+5}
  8783 | D:8      | Reached skill level 10 in Axes
  8856 | D:8      | Found Yhyquem's Self-Improvement Boutique.
  8995 | D:8      | Reached XP level 10. HP: 19/70 MP: 7/10
  9412 | D:8      | Noticed a two-headed ogre
  9431 | D:8      | Killed a two-headed ogre
  9814 | D:8      | Noticed Prince Ribbit
  9829 | D:8      | Killed Prince Ribbit
 10172 | D:8      | Noticed Harold
 10183 | D:8      | Killed Harold
 10391 | D:8      | Killed axecop's ghost
 10392 | D:8      | Reached skill level 11 in Axes
 10392 | D:8      | Reached skill level 10 in Throwing
 10971 | D:9      | Found a staircase to the Lair.
 12353 | D:10     | Entered Level 10 of the Dungeon
 12666 | D:10     | Gained mutation: Your movements are slightly less
                  | encumbered by armour. (ER -2) [demonic ancestry]
 12666 | D:10     | Reached XP level 11. HP: 55/75 MP: 6/11
 13016 | Lair:1   | Entered Level 1 of the Lair of Beasts
 13396 | Lair:1   | Noticed a five-headed hydra
 13693 | Lair:1   | Killed a two-headed hydra
 13694 | Lair:1   | Reached skill level 12 in Axes
 15497 | Lair:1   | Noticed Maggie
 15498 | Lair:1   | Noticed Maggie
 15498 | Lair:1   | Maggie changed into Maggie the worm
 15503 | Lair:1   | Killed Maggie the worm
 16440 | Lair:2   | Reached skill level 13 in Axes
 16978 | Lair:2   | Found a staircase to the Swamp.
 17143 | Lair:2   | Gained mutation: When low on magic, you restore magic in
                  | place of health. [demonic ancestry]
 17143 | Lair:2   | Reached XP level 12. HP: 16/81 MP: 6/12
 18182 | Lair:2   | Noticed a six-headed hydra
 18196 | Lair:2   | Killed a three-headed hydra
 19339 | Lair:3   | Found a runed translucent gate.
 19340 | Lair:3   | Found a runed translucent gate.
 19341 | Lair:3   | Found a runed translucent gate.
 19358 | Lair:3   | Noticed a seven-headed hydra
 19376 | Lair:3   | Killed a six-headed hydra
 19527 | Lair:3   | Noticed Lupesig's ghost (journeyman MiFi)
 19527 | Lair:3   | Noticed Ruicvywi's ghost (journeyman OgTm)
 19542 | Lair:3   | Reached skill level 14 in Axes
 19633 | Lair:3   | Noticed Snorg
 19662 | Lair:3   | Killed Snorg
 19713 | Lair:2   | HP: 3/121 [elephant (10)]
 19714 | Lair:2   | Slain by an elephant

Illustrated notes

Levels and vault maps discovered:
D:1:      lordsloth_arrival_two_stooges, layout_basic, grunt_decor_fettered,
          minmay_misc_feat_diagonals, nicolae_concentric_dashed_squares_wild
D:2:      layout_rooms, hangedman_decor_clover_reticule
D:3:      layout_basic, serial_shops, shop, kennysheep_path_1
D:4:      layout_rooms, temple_doors_e, uniq_duvessa, uniq_ijyb
D:5:      layout_loops_cross, nicolae_uskayaw_suspiria, item_on_display_a
D:6:      layout_rooms, nicolae_overflow_hidden_temple, grunt_ministairs_6
D:7:      layout_loops_ring, nicolae_ru_awakened_eye, palyth_stone_intersect,
          minmay_misc_feat_alley, minivault_27, uniq_joseph
D:8:      layout_loops_ring, ebering_ghost_disaster_area,
          nicolae_shop_self_help, uniq_harold, uniq_erica, uniq_prince_ribbit1
D:9:      layout_grid_maze, grunt_lair_entry_orc_guard_hut
D:10:     layout_loops_cross, mainiacjoe_overflow_alcove_2,
          kennysheep_little_box
Lair:1:   layout_small_grid, minivault_27, grunt_forest_small_clearing_treed,
          uniq_maggie
Lair:2:   layout_cave_pods, swamp_mist_pool
Lair:3:   layout_cave_pods, dummy_spider_entry, gammafunk_ghost_cemetery,
          beast_lair_carwin_4, uniq_snorg

Skill      XL: |  1  2  3  4  5  6  7  8  9 10 11 12 |
---------------+-------------------------------------+-----
Axes           | 3 4 5 6 7 8 10 11 13 14 | 14.1
Throwing       | 1 2 4 5 7 8 10 12 13 | 13.4
Fighting       | |  3.0
Armour         | |  1.7
Dodging        | |  1.7

Action                   |  1- 3 |  4- 6 |  7- 9 | 10-12 || total
-------------------------+-------+-------+-------+-------++-------
Melee: Hand axe          |   109 |    93 |       |       ||   202
       Touch             |     8 |    15 |    42 |    50 ||   115
       Punch             |       |     2 |     3 |       ||     5
       War axe           |       |    13 |   241 |   214 ||   468
       Battleaxe         |       |       |       |   337 ||   337
       Scimitar          |       |       |       |    10 ||    10
Throw: Stone             |       |       |     7 |       ||     7
       Boomerang         |       |       |    10 |   143 ||   153
       Dart              |       |       |     4 |     9 ||    13
       Throwing net      |       |       |       |     2 ||     2
Invok: Berserk           |     2 |     6 |    12 |    28 ||    48
       Trog's Hand       |       |       |       |     5 ||     5
Evoke: Wand              |       |     2 |     1 |    11 ||    14
  Use: Potion            |       |     3 |     3 |     5 ||    11
       Scroll            |       |       |       |    16 ||    16
 Stab: Sleeping          |     1 |       |       |       ||     1
       Paralysed         |       |       |       |     4 ||     4
Armor: Animal skin       |    20 |    12 |       |       ||    32
       Ring mail         |       |     1 |    47 |       ||    48
       Skin              |       |       |     5 |       ||     5
       Chain mail        |       |       |    28 |   269 ||   297
Dodge: Dodged            |    91 |    58 |   113 |   233 ||   495
Block: Other             |    36 |    23 |    61 |   132 ||   252

Table legend: (Time is in decaauts)
 A = Elapsed time spent in this place.
 B = Non-inter-level travel time spent in this place.
 C = Inter-level travel time spent in this place.
 D = Time resting spent in this place.
 E = Time spent auto-exploring this place.
 F = Levels seen in this place.
 G = Mean time per level.
                   A        B        C        D        E       F      G
               +--------+--------+--------+--------+--------+-----+--------+
         Total |  20179 |  19431 |    748 |   9157 |   7709 |  13 | 1552.2 |
       Dungeon |  14203 |  13572 |    631 |   6014 |   5819 |  10 | 1420.3 |
          Lair |   5975 |   5859 |    116 |   3143 |   1890 |   3 | 1991.7 |
               +--------+--------+--------+--------+--------+-----+--------+

Top non-repeatable levels by time:
  Lair:2: 3074 daAuts
     D:8: 2882 daAuts
     D:9: 2629 daAuts
  Lair:1: 2254 daAuts
     D:5: 1416 daAuts
     D:4: 1358 daAuts
     D:7: 1340 daAuts
     D:3: 1224 daAuts
     D:2: 1067 daAuts
     D:6: 994 daAuts
     D:1: 945 daAuts
  Lair:3: 647 daAuts
    D:10: 343 daAuts
